 Dungeon Crawl Stone Soup version 0.23-a0-446-g036aa52 (webtiles) character file.

49 argonaut the Skirmisher (level 3, -5/29 HPs)
             Began as a Demonspawn Berserker on Nov 18, 2018.
             Was a Believer of Trog.
             Killed from afar by Sigmund (8 damage)
             ... with a wand of flame (13)
             ... on level 2 of the Dungeon.
             The game lasted 00:09:04 (1002 turns).

argonaut the Skirmisher (Demonspawn Berserker)      Turns: 1002, Time: 00:09:06

Health: -5/29      AC:  6    Str: 21    XL:     3   Next: 51%
Magic:  0/3        EV: 12    Int:  8    God:    Trog [**....]
Gold:   39         SH:  0    Dex: 13    Spells: 2/2 levels left

rFire    . . .     SeeInvis .   a - +0 falchion
rCold    . . .     Gourm    .   (no shield)
rNeg     + . .     Faith    .   h - +0 leather armour
rPois    .         Spirit   +   (no helmet)
rElec    .         Reflect  .   (no cloak)
rCorr    .         Harm     .   q - +0 pair of gloves
MR       .....                  (no boots)
Stlth    +.........             w - amulet of guardian spirit
HPRegen  0.09/turn              u - +4 ring of strength
MPRegen  0.08/turn              t - ring of positive energy

@: no status effects
A: molten scales 1
a: Berserk, Trog's Hand, Renounce Religion


You were on level 2 of the Dungeon.
You worshipped Trog.
Trog was pleased with you.
You were hungry.

You visited 1 branch of the dungeon, and saw 2 of its levels.

You collected 39 gold pieces.

Inventory:

Hand Weapons
 a - a +0 falchion (weapon)
 e - a +0 hand axe
 j - a +0 club
 m - a +0 mace
 o - a +0 club
 p - a +0 dagger
 s - a +0 whip
 y - a +0 hunting sling
Missiles
 f - 130 stones (quivered)
 i - 29 poisoned needles
 n - 52 arrows
Armour
 b - a +0 animal skin
 h - a +0 leather armour (worn)
 l - a +0 robe
 q - a +0 pair of gloves (worn)
 x - a +0 robe
 z - a +0 pair of boots
Jewellery
 d - an uncursed ring of ice
 t - a ring of positive energy (right hand)
 u - a +4 ring of strength (left hand)
 w - an amulet of guardian spirit (around neck)
Scrolls
 k - a scroll of teleportation {unknown}
 r - a scroll of magic mapping {unknown}
 v - a scroll of remove curse {unknown}
Potions
 g - 2 potions of curing {unknown}
Comestibles
 c - 7 rations


   Skills:
 + Level 3.6 Fighting
 + Level 3.4 Long Blades
 + Level 1.9 Armour
 + Level 2.0 Dodging


You had 2 spell levels left.
You didn't know any spells.
Your spell library was empty.

Dungeon Overview and Level Annotations

Branches:
Dungeon (2/15)

Altars:
Nemelex Xobeh

Annotations:
D:2 Sigmund


Innate Abilities, Weirdness & Mutations

You are partially covered in molten scales. (AC +2)


Message History

You slash something! The bat barely misses you.
You riposte.
You miss the bat.
You hear some strange, mumbled words.
A magic dart appears from out of thin air!
The magic dart hits you!
You slash something! The bat hits you but does no damage. Something hits you.
You barely miss something. The bat closely misses you.
You riposte.
You closely miss the bat.
You hear some strange, mumbled words.
Something tries to affect you, but you resist.
You miss something. The bat barely misses you. Something hits you.
The bat barely misses you. Something hits you!
* * * LOW HITPOINT WARNING * * *
The bat hits you but does no damage. The bat barely misses you.
You riposte.
You hit the bat.
You kill the bat!
Trog accepts your kill.
You hear a zap.
A puff of flame appears from out of thin air!
The puff of flame hits you!
You die...

.........#
#####........#
.............#
.............#
.............# .
.............# .
.##
........$.{..# .
...
.......@.....# .
...
.............####
#.#
................#
#.#
#####...........#
#.#
####...........#
#.#
#..............#
#####.#
#..............#
......#
#..............#
#####.#
#..............#


There were no monsters in sight!

Vanquished Creatures
  An adder (D:2)
  2 leopard geckos (D:1)
  7 bats
  6 hobgoblins (D:1)
  4 jackals (D:2)
  5 frilled lizards (D:1)
  3 goblins (D:1)
  5 kobolds (D:1)
  6 rats
39 creatures vanquished.

Notes
Turn   | Place    | Note
-------+----------+-------------------------------------------
     0 | D:1      | argonaut the Demonspawn Berserker began the quest for the
                  | Orb.
     0 | D:1      | Reached XP level 1. HP: 18/18 MP: 1/1
    51 | D:1      | Gained mutation: You are partially covered in molten
                  | scales. (AC +2) [demonic ancestry]
    51 | D:1      | Reached XP level 2. HP: 9/24 MP: 2/2
   154 | D:1      | Found a sparkling altar of Nemelex Xobeh.
   534 | D:1      | Reached ** piety under Trog
   534 | D:1      | Reached XP level 3. HP: 22/29 MP: 3/3
   989 | D:2      | Noticed Sigmund
  1002 | D:2      | Killed from afar by Sigmund

Vault maps used:
D:1:      elethiomel_arrival_diamonds, nemelex_altar_shiori
D:2:      palyth_stone_intersect, uniq_sigmund

Skill      XL: |  1  2  3 |
---------------+----------+-----
Long Blades    | 3 |  3.4
Dodging        | 2 |  2.0
Fighting       | |  3.6
Armour         | |  1.9

Action                   || total
-------------------------++-------
Melee: Falchion          ||   107
Armor: Animal skin       ||    26
       Leather armour    ||    24
Dodge: Dodged            ||    91
       Rpst.: Falchion   ||    37

Table legend:
 A = Non-vault XP
 B = Vault XP
 C = Vault XP percentage of total XP
 D = Non-vault monster count
 E = Vault monster count
 F = Vault count percentage of total count
                 A         B        C        D         E       F
            +---------+---------+-------+---------+---------+-------
      Total |      62 |       8 |  11.4 |      32 |       7 |  17.9
            +---------+---------+-------+---------+---------+-------
        D:1 |      39 |       8 |  17.0 |      25 |       7 |  21.9
        D:2 |      23 |       0 |   0.0 |       7 |       0 |   0.0
            +---------+---------+-------+---------+---------+-------
